 Dungeon Crawl Stone Soup version 0.30-a0-242-g7bf8e6d787 (webtiles) character file.

Game seed: 10256003401316968692

44 Sobieck the Shooter (level 3, 0/20 HPs)
             Began as a Deep Elf Hunter on Oct 11, 2022.
             Killed from afar by Sigmund (12 damage)
             ... with a puff of flame
             ... on level 2 of the Dungeon.
             The game lasted 00:02:01 (978 turns).

Sobieck the Shooter (Deep Elf Hunter)                Turns: 978, Time: 00:02:02

Health: 0/20       AC:  3    Str:  8    XL:     3   Next: 39%
Magic:  5/5        EV: 12    Int: 13    God:
Gold:   24         SH:  0    Dex: 20    Spells: 2/2 levels left

rFire   . . .      SeeInvis .    a - +0 shortbow {bow}
rCold   . . .      Faith    .    (shield currently unavailable)
rNeg    . . .      Spirit   .    c - +0 leather armour
rPois   .          Reflect  .    (no helmet)
rElec   .          Harm     .    (no cloak)
rCorr   .          Rampage  .    (no gloves)
Will    .....                    (no boots)
Stlth   ++........               (no amulet)
HPRegen 0.23/turn                (no ring)
MPRegen 0.09/turn                (no ring)

@: no status effects
A: no striking features
a: no special abilities


You were on level 2 of the Dungeon.
You visited 1 branch of the dungeon, and saw 2 of its levels.

You collected 24 gold pieces.


   Skills:
 - Level 1.5 Fighting
 + Level 7.0 Ranged Weapons
 - Level 2.4 Dodging
 - Level 1.2 Stealth


You had 2 spell levels left.
You didn't know any spells.
Your spell library was empty.

Inventory:

Hand Weapons
 a - a +0 shortbow (weapon) {bow}
Missiles
 f - 14 stones {throwing}
Armour
 c - a +0 leather armour (worn)
 d - a +0 ring mail
   (You found it on level 1 of the Dungeon)
Scrolls
 b - a scroll of immolation {!r!r}
 h - a scroll of summoning {unknown}
Potions
 e - a potion of might {unknown}
 g - a potion of lignification {unknown}

Dungeon Overview and Level Annotations

Branches:
Dungeon (2/15) Zot: 11000

Altars:

Annotations:
D:2 Sigmund

............ #.#
####.#.## ..#
....###.# #.#
.###.#.## #.# .#
#..## #@# .# #.##
#.# .# #.##########
#.# .#
#..........#######@#
##
#..#######...@.....#
#..# #.#########
#####.# #.# ......#
#.# #####.#
#.#######. #.#
#.........
#.#######.#######.
#.........#
###########


You could see Sigmund.


Message History

Danger!
You shoot an arrow.
The arrow hits the bat but does no damage.
You hear an angry hiss.
You shoot an arrow. The arrow hits the bat!
You kill the bat!
No target in view!
No target in view!
A ball python comes into view.
Danger!
You shoot an arrow.
The arrow barely misses the ball python.
The ball python bites you but does no damage.
The ball python closely misses you.
You shoot an arrow. The arrow hits the ball python!
You kill the ball python!
No target in view!
A worm comes into view.
Found a stone staircase leading up.
Danger!
You shoot an arrow. The arrow barely misses the worm.
You shoot an arrow. The arrow hits the worm!
The worm closely misses you.
You shoot an arrow.
The arrow hits the worm but does no damage.
The worm bites you but does no damage.
You shoot an arrow. The arrow hits the worm.
You shoot an arrow. The arrow hits the worm.
The worm bites you.
You shoot an arrow. The arrow hits the worm.
The worm barely misses you.
You shoot an arrow. The arrow hits the worm.
You kill the worm!
No target in view!
Found a stone staircase leading down.
Unknown command.
There is a stone staircase leading down here.
There is a stone staircase leading down here.
There is a stone staircase leading up here.
A frilled lizard comes into view.
Danger!
You shoot an arrow. The arrow hits the frilled lizard.
You kill the frilled lizard!
No target in view!
No target in view!
You see here a +0 rapier {short}.
A rat comes into view.
Danger!
You shoot an arrow. The arrow hits the rat!
You kill the rat!
No target in view!
No target in view!
A quokka comes into view.
Danger!
You shoot an arrow. The arrow hits the quokka.
You shoot an arrow. The arrow hits the quokka.
You shoot an arrow. The arrow hits the quokka!
You kill the quokka!
No target in view!
No target in view!
An endoplasm comes into view.
Danger!
You shoot an arrow. The arrow hits the endoplasm.
The endoplasm quivers.
No target in view!
No target in view!
No target in view!
An endoplasm is nearby!
Danger!
You shoot an arrow. The arrow hits the endoplasm!
You kill the endoplasm!
Your Ranged Weapons skill increases to level 7!
No target in view!
No target in view!
Sigmund the Dreaded comes into view.
He is wielding a +0 scythe, wearing a +2 robe of willpower and carrying a wand of flame (15).
Sigmund screams, "Die, monster!"
Danger!
You shoot an arrow.
The arrow hits Sigmund but does no damage.
Sigmund zaps a wand.
The puff of flame misses you.
You shoot an arrow. The arrow closely misses Sigmund.
Sigmund zaps a wand.
The puff of flame hits you!
Ouch! That really hurt!
* * * LOW HITPOINT WARNING * * *
Fire: a) +0 shortbow {bow}
Press: ? - help, Q - select action, (/) - cycle Shift-Dir - straight line, f/p - Sigmund
Aim: Sigmund, wielding a +0 scythe, wearing a +2 robe of willpower and carrying a wand of flame (13) (62% to hit)
You shoot an arrow.
The arrow hits Sigmund but does no damage.
Sigmund points at you and mumbles some strange words.
You resist with some effort.
Fire: a) +0 shortbow {bow}
Press: ? - help, Q - select action, (/) - cycle Shift-Dir - straight line, f/p - Sigmund
Aim: Sigmund, wielding a +0 scythe, wearing a +2 robe of willpower and carrying a wand of flame (13) (62% to hit)
You shoot an arrow. The arrow closely misses Sigmund.
Unknown command.
Unknown command.
Danger!
Sigmund zaps a wand.
The puff of flame hits you!
Ouch! That really hurt!
You die...

Skill      XL: |  1  2  3 |
---------------+----------+-----
Ranged Weapons | 6 7 |  7.0
Fighting       | |  1.5
Dodging        | |  2.4
Stealth        | |  1.2

Action                   || total
-------------------------++-------
 Fire: Shortbow          ||    91
Armor: Leather armour    ||    16
Dodge: Dodged            ||    31

Levels and vault maps discovered:
D:1:      psy_arrival_fountain, layout_basic
D:2:      layout_loops_ring, minmay_misc_feat_iff, uniq_sigmund, uniq_robin

Notes
Turn   | Place    | Note
-------+----------+-------------------------------------------
     0 | D:1      | Sobieck the Deep Elf Hunter began the quest for the Orb.
     0 | D:1      | Reached XP level 1. HP: 12/12 MP: 3/3
    85 | D:1      | Reached XP level 2. HP: 11/16 MP: 4/4
    86 | D:1      | Reached skill level 6 in Ranged Weapons
   434 | D:1      | Reached XP level 3. HP: 20/20 MP: 5/5
   920 | D:2      | Reached skill level 7 in Ranged Weapons
   966 | D:2      | Noticed Sigmund
   978 | D:2      | Killed from afar by Sigmund

Vanquished Creatures
  A worm (D:2)
  2 endoplasms
  4 goblins (D:1)
  2 hobgoblins (D:1)
  2 jackals (D:1)
  5 quokkas
  5 ball pythons
  8 bats
  6 frilled lizards
  A kobold (D:1)
  3 rats
39 creatures vanquished.

Table legend:
 A = Non-vault XP
 B = Vault XP
 C = Vault XP percentage of total XP
 D = Non-vault monster count
 E = Vault monster count
 F = Vault count percentage of total count
                 A         B        C        D         E       F
            +---------+---------+-------+---------+---------+-------
      Total |      63 |       0 |   0.0 |      39 |       0 |   0.0
            +---------+---------+-------+---------+---------+-------
        D:1 |      49 |       0 |   0.0 |      32 |       0 |   0.0
        D:2 |      14 |       0 |   0.0 |       7 |       0 |   0.0
            +---------+---------+-------+---------+---------+-------

Illustrated notes

Table legend:
 A = Kills in this place as a percentage of kills in entire the game.
 B = Kills by you in this place as a percentage of kills by you in the entire game.
 C = Kills by friends in this place as a percentage of kills by friends in the entire game.
 D = Other kills in this place as a percentage of other kills in the entire game.
 E = Experience gained in this place as a percentage of experience gained in the entire game.
 F = Experience gained in this place divided by the number of levels of this place that you have seen.
                   A       B       C       D       E      F
               +-------+-------+-------+-------+-------+----------------------
         Total | 100.0 | 100.0 |   N/A |   N/A | 100.0 |  31.5
       Dungeon | 100.0 | 100.0 |   N/A |   N/A | 100.0 |  31.5
               +-------+-------+-------+-------+-------+----------------------

Table legend: (Time is in decaauts)
 A = Elapsed time spent in this place.
 B = Non-inter-level travel time spent in this place.
 C = Inter-level travel time spent in this place.
 D = Time resting spent in this place.
 E = Time spent auto-exploring this place.
 F = Levels seen in this place.
 G = Mean time per level.
                   A        B        C        D        E       F      G
               +--------+--------+--------+--------+--------+-----+--------+
         Total |    998 |    969 |     29 |      0 |    808 |   2 |  499.0 |
       Dungeon |    998 |    969 |     29 |      0 |    808 |   2 |  499.0 |
               +--------+--------+--------+--------+--------+-----+--------+

Top non-repeatable levels by time:
     D:1: 779 daAuts
     D:2: 219 daAuts
